AoeStats
← akın

Arabia

505548155Analyzed
1v1 RM · 24d ago on Sep 9, 2026· 81m 36s· 2 players
Game mode
Random Map
Map size
Tiny (2 player)
Population
200
Speed
Normal
Resources
Standard
Victory
Conquest
Starting age
Dark Age
Ending age
Imperial Age
RankedLock teamsTeams togetherTeam positionsShared explorationLock speedFull tech treeHidden civsTurbo modeCheats
Victory
Defeat
🇹🇷 Turks · Türkiye
1077
+15
🇦🇷 Mongols · Argentina
1064
-15
FreeBlue1985
5:06 Loom
10:13 Feudal Age
15:07 Castle Age
19:38 Wheelbarrow
20:08 Padded Archer Armor
19:59 Double-Bit Axe
19:55 Horse Collar
21:06 Fletching
21:17 Gold Mining
22:33 Bodkin Arrow
23:29 Bow Saw
25:18 Leather Archer Armor
25:57 Ballistics
27:34 Bloodlines
27:50 Husbandry
28:27 Heavy Plow
30:15 Town Watch
30:25 Stone Mining
35:42 Imperial Age
34:49 Gold Shaft Mining
36:25 Masonry
36:28 Bracer
37:39 Chemistry
38:35 Scale Barding Armor
37:53 Heavy Camel Rider
41:31 Forging
42:23 Chain Barding Armor
44:15 Iron Casting
44:18 Conscription
48:10 Blast Furnace
53:50 Light Cavalry
55:08 Hussar
64:50 Murder Holes
65:01 Siege Engineers
77:58 Hand Cart
akın
7:04 Loom
9:20 Feudal Age
10:06 Double-Bit Axe
19:43 Castle Age
18:26 Bloodlines
18:22 Horse Collar
23:38 Husbandry
23:56 Heavy Plow
24:15 Bow Saw
25:07 Wheelbarrow
25:54 Padded Archer Armor
28:13 Hand Cart
30:26 Fletching
35:12 Imperial Age
33:31 Scale Barding Armor
33:22 Bodkin Arrow
33:39 Forging
36:48 Parthian Tactics
39:06 Two-Man Saw
39:44 Ballistics
41:17 Heavy Cavalry Archer
43:44 Chain Barding Armor
43:59 Iron Casting
44:43 Heavy Camel Rider
47:10 Plate Barding Armor
52:57 Leather Archer Armor
52:43 Bracer
55:22 Sipahi
58:46 Blast Furnace
64:53 Ring Archer Armor
68:10 Conscription
Connection lost

Rejoining the realm…

Still unreachable

The connection could not be restored.

Session expired

The server has moved on; the page needs a fresh start.